 Dungeon Crawl Stone Soup version 0.28.0 (webtiles) character file.

Game seed: 14604653620311436516

11 sanka the Magician (level 2, 16/16 HPs)
             Began as a Deep Elf Transmuter on Feb 8, 2022.
             Was a Plaything of Xom.
             Quit the game on level 1 of the Dungeon.
             The game lasted 00:00:43 (596 turns).

sanka the Magician (Deep Elf Transmuter)             Turns: 596, Time: 00:00:43

Health: 16/16      AC:  2    Str:  7    XL:     2   Next: 17%
Magic:  9/9        EV: 12    Int: 17    God:    Xom [..*...]
Gold:   22         SH:  0    Dex: 15    Spells: 8/9 levels left

rFire   . . .      SeeInvis .     - Unarmed
rCold   . . .      Faith    .   (no shield)
rNeg    . . .      Spirit   .   a - +0 robe
rPois   .          Reflect  .   (helmet currently unavailable)
rElec   .          Harm     .   (no cloak)
rCorr   +          Rampage  .   (no gloves)
Will    .....                   (boots currently unavailable)
Stlth   +.........              (no amulet)
HPRegen 0.05/turn               b - ring of resist corrosion
MPRegen 0.11/turn               (no ring)

@: appendages (expiring)
A: horns 2, talons 2
a: End Transformation, Renounce Religion


You were on level 1 of the Dungeon.
You worshipped Xom.
You were a toy of Xom.
You had temporarily grown beastly horns and talons.
You visited 1 branch of the dungeon, and saw 1 of its levels.

You collected 22 gold pieces.

Inventory:

Armour
 a - a +0 robe (worn)
Jewellery
 b - a ring of resist corrosion (left hand)
Scrolls
 c - 2 scrolls of identify {unknown}


   Skills:
 - Level 0.7 Fighting
 - Level 2.4 Dodging
 - Level 2.4 Unarmed Combat
 + Level 4.1 Spellcasting
 - Level 2.1 Transmutations


You had 8 spell levels left.
You knew the following spells:

 Your Spells              Type           Power      Damage    Failure   Level
a - Beastly Appendage     Tmut           20%        N/A       6%          1

Your spell library contained the following spells:

 Spells                   Type           Power      Damage    Failure   Level
 Wereblood                Tmut           10%        N/A       10%         2
 Spider Form              Tmut/Pois      7%         N/A       30%         3
 Ice Form                 Ice/Tmut       7%         N/A       69%         4


Dungeon Overview and Level Annotations

Branches:
Dungeon (1/15)

Altars:
Xom


Innate Abilities, Weirdness & Mutations

You have temporarily grown beastly horns and talons.


Message History

You kill the bat!
No target in view!
No target in view!
Your transformation is almost over.
Your horns disappear.
Your talons disappear.
You see here 17 bolts.
A rat comes into view.
You grow a pair of large bovine horns.
Your feet morph into talons.
The rat completely misses you.
You hit the rat.
You kill the rat!
Your transformation is almost over.
No target in view!
No target in view!
Magic restored.
Your horns disappear.
Your talons disappear.
c - 2 scrolls labelled AHEUBA PASA (gained 1)
A bat comes into view.
You see here 7 gold pieces.
You grow a pair of large bovine horns.
Your feet morph into talons.
The bat barely misses you.
Found a faded altar of an unknown god.
The bat completely misses you.
You barely miss the bat. The bat hits you. The bat barely misses you.
The bat hits you but does no damage.
You hit the bat.
You kill the bat!
No target in view!
No target in view!
Unknown command.
You see here a bat corpse.
There is a faded altar of an unknown god here.
You cannot tell which god this altar belongs to.
Convert to them anyway?
Xom accepts your prayer! Xom welcomes you!
Xom is very intrigued!
Your transformation is almost over.
Unknown command.
Press < or > to pray at altars.
Are you sure you want to abandon this character and quit the game? (Confirm with "yes".)

### #..### ##.# #.# #.#
... #.# #.# ##.## #.#
#.. #######....
.###..###.####.$...#####
.........###.........###
.......................#
#...........†...........
#.........#####.##.###
....###..@..### #.##.#
... ####### ..##.# .....
#####.# #.... #.# #.#.#
#. #.#.# #.#.#
#######.#.# ........#.#
###


There were no monsters in sight!

Vanquished Creatures
  An endoplasm (D:1)
  A giant cockroach (D:1)
  A goblin (D:1)
  A ball python (D:1)
  3 bats (D:1)
  3 kobolds (D:1)
  2 rats (D:1)
12 creatures vanquished.

Notes
Turn   | Place    | Note
-------+----------+-------------------------------------------
     0 | D:1      | sanka the Deep Elf Transmuter began the quest for the Orb.
     0 | D:1      | Reached XP level 1. HP: 11/11 MP: 6/6
   340 | D:1      | Reached skill level 4 in Spellcasting
   340 | D:1      | Reached XP level 2. HP: 16/16 MP: 7/9
   584 | D:1      | Found a faded altar of an unknown god.
   595 | D:1      | Prayed at the altar of an unknown god.
   595 | D:1      | Became a worshipper of Xom of Chaos
   596 | D:1      | Quit the game

Illustrated notes

Levels and vault maps discovered:
D:1:      eino_arrival_cavern_b, layout_loops_ring,
          hellmonk_ecumenical_altar_zigzags, minmay_misc_feat_roman

Skill      XL: |  1 |
---------------+----+-----
Spellcasting   | 4 |  4.1
Fighting       | |  0.7
Dodging        | |  2.4
Unarmed Combat | |  2.4
Transmutations | |  2.1

Action                   || total
-------------------------++-------
Melee: Unarmed           ||    26
       Headbutt          ||     2
       Kick              ||     2
       Punch             ||     2
 Cast: Beastly Appendage ||     9
 Stab: Sleeping          ||     1
Armor: Robe              ||     6
Dodge: Dodged            ||    19
